 Dungeon Crawl Stone Soup version 0.22-a0-110-g5b255cfda4 (webtiles) character file.

644 GordonOverkill the Magician (level 7, -11/36 HPs)
             Began as a Deep Elf Air Elementalist on Jan 27, 2018.
             Shot with an arrow by a centaur (14 damage)
             ... on level 5 of the Dungeon.
             The game lasted 00:12:39 (5531 turns).

GordonOverkill the Magician (DEAE)                  Turns: 5531, Time: 00:12:40

Health: -11/36     AC:  5    Str:  5    XL:     7   Next: 27%
Magic:  23/27      EV: 13    Int: 31    God:
Gold:   126        SH:  0    Dex: 15    Spells: 7/19 levels left

rFire    + . .     SeeInvis .   r - +1 whip (elec)
rCold    . . .     Gourm    .   (no shield)
rNeg     + . .     Faith    .   h - +2 robe {rN+}
rPois    .         Spirit   .   (no helmet)
rElec    .         Reflect  .   p - +0 cloak
rCorr    .         Harm     .   (no gloves)
MR       .....                  (no boots)
Stlth    ++........             i - amulet "Sysil" {RegenMP rF+ Int+4}
HPRegen  0.12/turn              q - +5 ring of intelligence
MPRegen  0.45/turn              g - ring of magical power

@: no status effects
A: no striking features
a: no special abilities


You were on level 5 of the Dungeon.
You were not hungry.

You visited 2 branches of the dungeon, and saw 6 of its levels.

You collected 211 gold pieces.
You spent 85 gold pieces at shops.

Inventory:

Hand Weapons
 r - a +1 whip of electrocution (weapon)
Armour
 h - a +2 robe of positive energy (worn)
 p - a +0 cloak (worn)
Jewellery
 g - a ring of magical power (right hand)
 i - the amulet "Sysil" (around neck) {RegenMP rF+ Int+4}
   (You found it on level 4 of the Dungeon)

   [amulet of magic regeneration]

   It increases your magic regeneration.
   It affects your intelligence (+4).
   It protects you from fire.
 k - an uncursed ring of resist corrosion
 q - a +5 ring of intelligence (left hand)
Wands
 c - a wand of random effects (12)
 f - a wand of disintegration (9)
Scrolls
 a - a scroll of enchant weapon {unknown}
 u - a scroll of random uselessness {unknown}
Potions
 d - 3 potions of haste {unknown}
 e - 2 potions of curing
 j - a potion of brilliance
 l - 2 potions of agility {unknown}
 m - a potion of resistance {unknown}
 n - a potion of might {unknown}
 t - a potion of flight {unknown}
Books
 b - a book of Air

   Spells                             Type                      Level
   a - Shock                          Conjuration/Air              1
   b - Swiftness                      Charms/Air                   2
   c - Static Discharge               Conjuration/Air              3
   d - Airstrike                      Air                          4
   e - Lightning Bolt                 Conjuration/Air              5
Comestibles
 o - 10 rations
 s - 4 chunks of flesh


   Skills:
 - Level 3.0 Dodging
 - Level 2.4 Stealth
 + Level 6.5 Spellcasting
 + Level 4.9 Conjurations
 + Level 5.3 Air Magic


You had 7 spell levels left.
You knew the following spells:

 Your Spells              Type           Power        Failure   Level  Hunger
a - Shock                 Conj/Air       ####         1%          1    None
b - Swiftness             Chrm/Air       ####....     2%          2    None
c - Airstrike             Air            #####.....   4%          4    ##.....
d - Lightning Bolt        Conj/Air       #####.....   16%         5    ####...


Dungeon Overview and Level Annotations

Branches:
Dungeon (5/15)             Temple (1/1) D:4

Altars:
Ashenzari
Cheibriados
Dithmenos
Elyvilon
Fedhas
Hepliaklqana
Kikubaaqudgha
Makhleb
Nemelex Xobeh
Okawaru
Qazlal
Ru
Trog
Wu Jian
Xom
Yredelemnul
Zin
The Shining One

Shops:
D:5 [


Message History

The zap hits the centaur.
The centaur is heavily wounded.
The centaur shoots an arrow.
The arrow hits you!
The centaur shoots an arrow.
The arrow hits you!
* * * LOW HITPOINT WARNING * * *
Casting: Shock (safe; 1% risk of failure)
Confirm with . or Enter, or press ? or * to list all spells.
Aiming: Shock (safe; 1% risk of failure)
Press: ? - help, Shift-Dir - straight line, f/p - centaur
Aim: a centaur, wielding a shortbow (heavily wounded)
The zap hits the centaur.
The centaur is severely wounded.
The centaur shoots an arrow.
The arrow barely misses you.
Casting: Shock (safe; 1% risk of failure)
Confirm with . or Enter, or press ? or * to list all spells.
Aiming: Shock (safe; 1% risk of failure)
Press: ? - help, Shift-Dir - straight line, f/p - centaur
Aim: a centaur, wielding a shortbow (severely wounded)
The zap misses the centaur.
The centaur shoots an arrow.
The arrow hits you!
You die...

#...# .c.
... ... .#
#.# .# .#
#.. #.# .#
.# #... #
#.##.#
.##....
#.##@.#.#
......
##.#.(.#.#
......
+........#
..###+
##.......#
..#
####..###
..###.###
##...##
#.'.._###
#.....#
#.###.###...
#.....# #.#
#..
#.#.....#


You could see a centaur.

Vanquished Creatures
  Sigmund (D:2)
  A howler monkey (D:4)
  2 orc priests
  2 hounds
  Crazy Yiuf (D:4)
  2 orc wizards (D:4)
  2 worker ants (D:5)
  6 adders
  3 oozes
  2 adder skeletons
  3 worms
  4 dart slugs
  3 leopard geckos
  14 orcs
  6 giant cockroaches
  5 goblins (D:1)
  6 hobgoblins
  7 jackals (D:4)
  2 quokkas
  2 ball pythons
  A ball python skeleton (D:4)
  12 bats
  6 frilled lizards
  9 kobolds
  A quokka skeleton (D:4)
  6 rats
109 creatures vanquished.

Notes
Turn   | Place    | Note
-------+----------+-------------------------------------------
     0 | D:1      | GordonOverkill the Deep Elf Air Elementalist began the quest for the Orb.
     0 | D:1      | Reached XP level 1. HP: 10/10 MP: 6/6
   290 | D:1      | Reached XP level 2. HP: 15/15 MP: 5/8
   860 | D:1      | Reached XP level 3. HP: 19/19 MP: 5/10
  1098 | D:2      | Noticed Sigmund
  1104 | D:1      | Learned a level 2 spell: Swiftness
  2196 | D:2      | Reached skill level 4 in Spellcasting
  2196 | D:2      | Reached XP level 4. HP: 15/24 MP: 12/12
  2325 | D:2      | Killed Sigmund
  2325 | D:2      | Reached skill level 5 in Spellcasting
  2325 | D:2      | Reached XP level 5. HP: 23/28 MP: 14/14
  2393 | D:2      | Found an ornate altar of the Wu Jian Council.
  2439 | D:2      | Found a glowing silver altar of Zin.
  2754 | D:3      | Found a stormy altar of Qazlal.
  2888 | D:3      | Reached XP level 6. HP: 32/32 MP: 15/15
  2915 | D:3      | Found a white marble altar of Elyvilon.
  2990 | D:3      | Learned a level 4 spell: Airstrike
  2996 | D:3      | Learned a level 5 spell: Lightning Bolt
  3498 | D:3      | Found a burning altar of Makhleb.
  3824 | D:4      | Found a staircase to the Ecumenical Temple.
  3861 | Temple   | Entered the Ecumenical Temple
  4056 | D:3      | Found a sacrificial altar of Ru.
  4135 | D:4      | Reached skill level 6 in Spellcasting
  4138 | D:4      | Reached skill level 5 in Air Magic
  4354 | D:4      | Found a runed door.
  4465 | D:4      | Reached XP level 7. HP: 30/36 MP: 13/18
  4541 | D:4      | Got a smoking platinum amulet
  4813 | D:4      | Noticed Crazy Yiuf
  4817 | D:4      | Killed Crazy Yiuf
  4870 | D:5      | Entered Level 5 of the Dungeon
  5089 | D:5      | Found Geocanug's Antique Armour Emporium.
  5096 | D:5      | Bought an embroidered robe for 85 gold pieces
  5107 | D:5      | Identified the amulet "Sysil" {RegenMP rF+ Int+4} (You found it on level 4 of the Dungeon)
  5476 | D:5      | Found a hazy altar of Hepliaklqana.
  5531 | D:5      | Shot with an arrow by a centaur

Vault maps used:
D:1:      dpeg_arrival_snail, feat_on_display
D:2:      grunt_temple_overflow_open, uniq_sigmund
D:3:      lemuel_upstairs_altar, makhleb_blood_cavern_becter,
          overflow_temple_1_default, grunt_qazlal_sundering
D:4:      minmay_temple_entry_grid, first_ration, uniq_crazy_yiuf_cottage
D:5:      lemuel_doored_altar, led_sif_book, serial_shops, shop,
          kennysheep_small_spiral
Temple:   cyrus_circular_temple

Skill      XL: |  1  2  3  4  5  6 |
---------------+-------------------+-----
Dodging        | 3 |  3.0
Conjurations   | 2 3 4 |  4.9
Spellcasting   | 4 5 6 |  6.5
Air Magic      | 4 5 |  5.3
Stealth        | |  2.4

Action                   |  1- 3 |  4- 6 |  7- 9 || total
-------------------------+-------+-------+-------++-------
Melee: Dagger            |     2 |       |       ||     2
       Whip              |       |     4 |     1 ||     5
 Cast: Shock             |   105 |   146 |    43 ||   294
       Swiftness         |     1 |     2 |       ||     3
Evoke: Wand              |       |     2 |       ||     2
  Use: Scroll            |       |     9 |     1 ||    10
       Potion            |       |     2 |       ||     2
 Stab: Sleeping          |     1 |       |       ||     1
  Eat: Ration            |     1 |       |       ||     1
       Chunk             |       |     7 |     3 ||    10
Armor: Robe              |     1 |     8 |     1 ||    10
Dodge: Dodged            |     8 |    30 |    12 ||    50

Table legend:
 A = Spawn XP
 B = Non-spawn XP
 C = Spawn XP percentage of total XP
 D = Spawn monster count
 E = Non-spawn monster count
 F = Spawn count percentage of total count
 G = Total turns spent on level
                    A         B        C        D         E        F      G
               +---------+---------+-------+---------+---------+-------+---------
         Total |       0 |     921 |   0.0 |       0 |     109 |   0.0 |  5531
               +---------+---------+-------+---------+---------+-------+---------
           D:1 |       0 |      43 |   0.0 |       0 |      25 |   0.0 |  1693
           D:2 |       0 |     288 |   0.0 |       0 |      22 |   0.0 |   889
           D:3 |       0 |     177 |   0.0 |       0 |      27 |   0.0 |  1086
           D:4 |       0 |     285 |   0.0 |       0 |      29 |   0.0 |  1143
           D:5 |       0 |     128 |   0.0 |       0 |       6 |   0.0 |   661
               +---------+---------+-------+---------+---------+-------+---------
